 Dungeon Crawl Stone Soup version 0.30-a0-782-ge64f9170bb (webtiles) character file.

Game seed: 8442340220142574854

15065 Dirian the Severer (level 11, -3/107 HPs)
             Began as a Minotaur Fighter on Mar 4, 2023.
             Was a Believer of Makhleb.
             Succumbed to a death drake's dark miasma
             ... in a Gauntlet.
             The game lasted 00:24:24 (12967 turns).

Dirian the Severer (Minotaur Fighter)              Turns: 12967, Time: 00:24:24

Health: -3/107     AC: 16    Str: 29    XL:     11   Next: 97%
Magic:  13/13      EV:  7    Int:  4    God:    Makhleb [**....]
Gold:   142        SH: 14    Dex: 10    Spells: 10/10 levels left

rFire   . . .      SeeInvis .    a - +2 war axe (elec)
rCold   . . .      Faith    .    N - +0 kite shield
rNeg    + . .      Spirit   .    v - +0 chain mail
rPois   +          Reflect  +    (helmet restricted)
rElec   .          Harm     .    J - +2 ratskin cloak {*Rats rPois rN+ Str-1 Int-1 Dex+1}
rCorr   +          Rampage  +    x - +0 pair of gloves
Will    .....      NoTele   +    S - +0 pair of boots of Quantum Leap {Rampage rCorr Str+4} Stlth
                                 c - amulet of reflection
HPRegen 0.37/turn                e - ring of wizardry
MPRegen 0.13/turn                D - ring of flight

@: lethally poisoned (-3 -> -45), flying, slowed, very slow
A: horns 2, retaliatory headbutt
a: Renounce Religion, Minor Destruction


You were in a Gauntlet.
You worshipped Makhleb.
Makhleb was pleased with you.
You visited 2 branches of the dungeon, and saw 13 of its levels.
You also visited: Gauntlet.

You collected 815 gold pieces.
You spent 673 gold pieces at shops.

Inventory:

Hand Weapons
 a - a +2 war axe of electrocution (weapon)
 b - a +1 war axe of venom
Missiles
 g - 3 throwing nets (quivered)
Armour
 n - a +2 cloak of preservation
 v - a +0 chain mail (worn)
 x - a +0 pair of gloves (worn)
 J - the +2 ratskin cloak (worn) {*Rats rPois rN+ Str-1 Int-1 Dex+1}
   (You found it on level 4 of the Dungeon)

   *Rats:     When the wearer is hurt, rats may emerge from it to assist them.
   Str:       It affects your strength (-1).
   Int:       It affects your intelligence (-1).
   Dex:       It affects your dexterity (+1).
   rPois:     It protects you from poison.
   rN:        It protects you from negative energy.
 N - a +0 kite shield (worn)
 S - the +0 pair of boots of Quantum Leap (worn) {Rampage rCorr Str+4}
   (You found it in a Gauntlet)

   Str:       It affects your strength (+4).
   rCorr:     It protects you from acid and corrosion.
   Rampage:   It bestows one free step when moving towards enemies.
Jewellery
 c - an amulet of reflection (around neck)
 e - a ring of wizardry (left hand)
 m - a ring of ice
 y - a +6 ring of intelligence
 D - a ring of flight (right hand)
 F - a ring of magical power
 H - an amulet of guardian spirit
Wands
 f - a wand of mindburst (12)
 s - a wand of flame (24)
 O - a wand of paralysis (6)
Scrolls
 i - 3 scrolls of poison
 k - 9 scrolls of fog
 p - a scroll of magic mapping
 r - 4 scrolls of identify
 t - 7 scrolls of teleportation
 u - a scroll of fear
 z - a scroll of blinking
 A - 4 scrolls of immolation
 E - a scroll of acquirement
 G - 3 scrolls of enchant armour
 K - a scroll of enchant weapon
 L - a scroll of brand weapon
 R - a scroll of butterflies {unknown}
Potions
 d - 3 potions of attraction
 h - 2 potions of haste
 j - 5 potions of mutation
 l - 3 potions of brilliance
 o - 4 potions of cancellation
 q - 9 potions of curing
 w - a potion of heal wounds
 B - 2 potions of flight
 C - 2 potions of invisibility
 I - a potion of berserk rage
 P - 3 potions of lignification
Miscellaneous
 M - a phial of floods


   Skills:
 * Level 13.5 Fighting
 + Level 15.6 Axes
 + Level 6.3 Armour
 - Level 1.0 Dodging
 + Level 6.0 Shields
 * Level 4.4 Invocations
 - Level 5.0 Evocations


You had 10 spell levels left.
You didn't know any spells.
Your spell library contained the following spells:

 Spells                   Type           Power      Damage    Failure   Level
 Apportation              Tloc           0%         N/A       95%         1
 Beastly Appendage        Tmut           0%         N/A       95%         1
 Summon Small Mammal      Summ           0%         N/A       95%         1
 Scorch                   Fire           0%         2d5       98%         2
 Wereblood                Tmut           0%         N/A       98%         2
 Call Canine Familiar     Summ           0%         N/A       100%        3
 Gell's Gravitas          Tloc           0%         N/A       100%        3
 Ozocubu's Armour         Ice            0%         N/A       100%        3
 Spider Form              Tmut/Pois      0%         N/A       100%        3
 Summon Guardian Golem    Hex/Summ       0%         N/A       100%        3
 Teleport Other           Tloc           0%         N/A       100%        3
 Flame Wave               Conj/Fire      0%         2d4       100%        4
 Alistair's Intoxication  Tmut/Pois      0%         N/A       100%        5
 Dispersal                Tloc           0%         N/A       100%        6
 Summon Cactus Giant      Summ           0%         N/A       100%        6
 Ozocubu's Refrigeration  Ice            0%         4d7       100%        7


Dungeon Overview and Level Annotations

Branches:
Dungeon (12/15) Zot: 26906  Temple (1/1) D:6 Zot: 5772    Lair (0/5) D:8
    Orc (0/2) D:9         Gauntlet (1/1) Zot: 5742

Altars:
Ashenzari
Cheibriados
Dithmenos
Elyvilon
Fedhas
Gozag
Hepliaklqana
Kikubaaqudgha
Makhleb
Nemelex Xobeh
Okawaru
Qazlal
Ru
Sif Muna
Trog
Uskayaw
Vehumet
Wu Jian
Xom
Yredelemnul
Zin
The Shining One

Shops:
D:6 ?   D:8 *   D:12 ?

Annotations:
D:2 1 runed translucent door, Crazy Yiuf Gauntlet 7 transporters, exclusion: ice statue


Innate Abilities, Weirdness & Mutations

You have a pair of horns on your head.
You reflexively headbutt those who attack you in melee.


Message History

The death drake breathes miasma at you. The foul vapour engulfs you.
You are more poisoned.
You barely miss the death drake.
The death drake is severely wounded.
You slash the centaur warrior zombie!
You are engulfed in dark miasma.
You are more poisoned.
You feel extremely sick.
You block the centaur warrior zombie's attack.
The centaur warrior zombie closely misses you.
You block the death drake's attack.
You barely miss the death drake.
The death drake is severely wounded.
You slash the centaur warrior zombie!
You are engulfed in dark miasma.
You feel extremely sick.
The centaur warrior zombie barely misses you.
The centaur warrior zombie kicks you but does no damage.
The death drake breathes miasma at you. The foul vapour engulfs you!
You feel yourself slow down.
* * * LOW HITPOINT WARNING * * *
The centaur warrior zombie hits you but does no damage.
The centaur warrior zombie kicks you but does no damage.
You slash the death drake! You headbutt the death drake.
The death drake is almost dead.
You hit the centaur warrior zombie.
Lightning courses through the centaur warrior zombie!
You destroy the centaur warrior zombie!
Makhleb accepts your kill.
You feel better.
You are engulfed in dark miasma.
You are more poisoned.
* * * LOW HITPOINT WARNING * * *
x2 You feel extremely sick.
You block the death drake's attack. The death drake bites you.
* * * LOW HITPOINT WARNING * * *
You hit the death drake but do no damage.
Lightning courses through the death drake!
The death drake is almost dead.
You slash the centaur warrior zombie!
Lightning courses through the centaur warrior zombie!!
You die...

##.##.##..#...[§.)..#..##
k.#..#?#..###########..≈#
.##©##.#......#©#......##
########......#§#......≈#
..#©#.....###########..##
..#©#.....#..#.##.###..§#
########..#.##.°#.###..##
.##...*#..#...°kZ°..#..≈#
..##..##..###.##@##©#..##
...#.###..###.##°°#.#..≈#
©##.##.#..##.#...°°.#..##
##3#...#..#..##..#.##..≈#
#3.##..#..#####.##..#..##
.:!©##.#..#...[©[?..#..§#
########..###########..##
........∩...§..........§#
....................§..##


You could see a death drake and a centaur warrior zombie.

Vanquished Creatures
  Harold (D:11)
  Erolcha (D:11)
  A two-headed ogre (D:10)
  A boulder beetle (D:11)
  The ghost of mopl the Martial Artist, a novice DjTm of Okawaru (D:7)
  A wizard (D:8)
  A deep elf pyromancer (D:12)
  2 cyclopes
  A centaur zombie (Gauntlet)
  A rust devil (Gauntlet)
  A gargoyle (D:11)
  A komodo dragon (D:8)
  5 trolls
  A hornet (D:10)
  A blink frog (shapeshifter) (D:10)
  3 shadows (Gauntlet)
  A wraith (D:10)
  A ynoxinul (Gauntlet)
  4 fire bats (D:10)
  3 steam dragons
  6 yaks (D:10)
  Menkaure (D:4)
  Edmund (D:6)
  A water moccasin (D:7)
  A hell hound (D:10)
  A black bear (D:5)
  2 ice beasts (D:6)
  3 sky beasts
  4 orc warriors
  An ogre (D:7)
  7 centaurs
  A phantom (D:8)
  4 kobold brigands
  A necrophage (D:5)
  3 bullfrogs
  3 gnoll sergeants
  A scorpion (D:5)
  A wight (D:10)
  5 killer bees (D:9)
  An electric eel (D:9)
  9 howler monkeys
  3 jellies
  2 lava snakes (D:10)
  4 hounds
  10 orc priests
  2 iron imps (Gauntlet)
  Terence (D:2)
  4 iguanas
  Natasha (thrice) (D:4)
  4 orc wizards
  9 adders
  4 gnolls (D:10)
  2 shadow imps
  3 worms
  A dart slug (D:3)
  34 orcs
  3 endoplasms
  7 goblins
  5 hobgoblins
  20 kobolds
  A quokka (D:5)
  11 ball pythons
  7 bats
  3 frilled lizards
  4 rats
236 creatures vanquished.

Vanquished Creatures (collateral kills)
  Maurice (D:8)
  An orc warrior (D:6)
  A scorpion (D:4)
  An orc (D:4)
  A hobgoblin (D:4)
5 creatures vanquished.

Vanquished Creatures (others)
  A wizard (D:11)
  An orc (D:7)
  3 fire vortices (D:10)
  3 fungi (D:2)
  19 plants
27 creatures vanquished.

Grand Total: 268 creatures vanquished

Notes
Turn   | Place    | Note
-------+----------+-------------------------------------------
     0 | D:1      | Dirian the Minotaur Fighter began the quest for the Orb.
     0 | D:1      | Reached XP level 1. HP: 19/19 MP: 0/0
   220 | D:1      | Reached XP level 2. HP: 27/27 MP: 1/1
   761 | D:2      | Noticed Terence
   775 | D:2      | Killed Terence
   776 | D:2      | Reached XP level 3. HP: 12/33 MP: 2/2
   873 | D:2      | Found a faded altar of an unknown god.
  1035 | D:2      | Reached skill level 3 in Axes
  1539 | D:2      | Reached XP level 4. HP: 39/41 MP: 3/3
  1897 | D:2      | Found a runed translucent door.
  1898 | D:2      | Noticed Crazy Yiuf
  1949 | D:3      | Reached skill level 5 in Armour
  1949 | D:3      | Reached XP level 5. HP: 24/47 MP: 4/4
  2324 | D:3      | Reached skill level 4 in Axes
  2324 | D:3      | Reached skill level 1 in Dodging
  3066 | D:4      | Found the +2 ratskin cloak {*Rats rPois rN+ Str-1 Int-1
                  | Dex+1}
  3073 | D:4      | Reached skill level 5 in Fighting
  3074 | D:4      | Reached skill level 5 in Axes
  3074 | D:4      | Reached XP level 6. HP: 44/56 MP: 5/5
  3275 | D:4      | Noticed Menkaure
  3282 | D:4      | Killed Menkaure
  3283 | D:4      | Reached skill level 6 in Axes
  3284 | D:4      | Reached skill level 5 in Shields
  3285 | D:4      | Reached XP level 7. HP: 23/61 MP: 6/6
  3472 | D:4      | Noticed Natasha
  3478 | D:4      | Killed Natasha
  3590 | D:4      | Reached skill level 7 in Axes
  3953 | D:4      | Noticed Natasha
  3957 | D:4      | Killed Natasha
  3989 | D:4      | Identified a scroll of acquirement
  3994 | D:4      | Noticed Natasha
  4000 | D:4      | Killed Natasha
  4015 | D:5      | Entered Level 5 of the Dungeon
  4046 | D:5      | Reached skill level 8 in Axes
  4183 | D:5      | Found a white marble altar of Elyvilon.
  4447 | D:5      | Reached skill level 9 in Axes
  4447 | D:5      | Reached XP level 8. HP: 58/71 MP: 7/7
  4942 | D:6      | Found a staircase to the Ecumenical Temple.
  4961 | Temple   | Entered the Ecumenical Temple
  5217 | D:6      | Reached skill level 10 in Axes
  5437 | D:6      | Found an iron altar of Okawaru.
  5446 | D:6      | You fall into a shaft and drop 3 floors!
  5457 | D:9      | Found a staircase to the Orcish Mines.
  5477 | D:9      | Reached skill level 1 in Evocations
  5878 | D:8      | Found a staircase to the Lair.
  5880 | D:8      | Noticed a komodo dragon
  5896 | D:8      | Reached skill level 11 in Axes
  5896 | D:8      | Reached XP level 9. HP: 48/80 MP: 8/8
  6129 | D:7      | Noticed mopl's ghost (novice DjTm)
  6130 | D:7      | Found a runed translucent door.
  6273 | D:7      | Identified the +1 sling of the Vine {elec, rCorr Dex+5}
  6571 | D:6      | Noticed Edmund
  6584 | D:6      | Killed Edmund
  6585 | D:6      | Reached skill level 12 in Axes
  6983 | D:6      | Found Teta's Magic Scroll Boutique.
  6991 | D:6      | Bought a scroll of enchant weapon for 90 gold pieces
  6991 | D:6      | Bought a scroll of brand weapon for 114 gold pieces
  7029 | D:6      | Bought a scroll of identify for 24 gold pieces
  7029 | D:6      | Bought a scroll of identify for 24 gold pieces
  7029 | D:6      | Bought 2 scrolls of identify for 48 gold pieces
  7552 | D:7      | Killed mopl's ghost
  7663 | D:8      | Found Wuadd's Assorted Antiques.
  7751 | D:8      | Killed a komodo dragon
  7795 | D:8      | Noticed a wizard
  7807 | D:8      | Killed a wizard
  7808 | D:8      | Reached skill level 10 in Fighting
  7808 | D:8      | Reached skill level 13 in Axes
  7808 | D:8      | Reached XP level 10. HP: 75/93 MP: 6/9
  7879 | D:8      | Noticed Maurice
  7890 | D:8      | Killed Maurice
  8181 | D:8      | Found a glowing golden altar of the Shining One.
  8182 | D:8      | Found a bloodstained altar of Trog.
  8186 | D:8      | Found an ancient bone altar of Kikubaaqudgha.
  8191 | D:8      | Found a shimmering altar of Xom.
  8191 | D:8      | Found a burning altar of Makhleb.
  8194 | D:8      | Found a snail-covered altar of Cheibriados.
  8197 | D:8      | Found a broken altar of Ashenzari.
  8199 | D:8      | Became a worshipper of Makhleb the Destroyer
  8717 | D:8      | Found a shadowy altar of Dithmenos.
  8815 | D:8      | Bought a glowing war axe for 149 gold pieces
  9111 | D:9      | Found an ornate altar of the Wu Jian Council.
  9321 | D:9      | Reached skill level 1 in Invocations
  9688 | D:10     | Entered Level 10 of the Dungeon
  9782 | D:10     | Reached skill level 14 in Axes
  9909 | D:10     | Noticed a two-headed ogre
  9916 | D:10     | Killed a two-headed ogre
 10082 | D:10     | Reached * piety under Makhleb
 10164 | D:10     | Reached XP level 11. HP: 98/104 MP: 11/11
 11572 | D:11     | Noticed a boulder beetle
 11581 | D:11     | Killed a boulder beetle
 11594 | D:11     | Reached skill level 5 in Evocations
 11802 | D:11     | Reached skill level 15 in Axes
 11869 | D:11     | Noticed Erolcha
 11877 | D:11     | Killed Erolcha
 11881 | D:11     | Reached ** piety under Makhleb
 12213 | D:11     | Noticed a wizard
 12219 | D:11     | Killed a wizard
 12374 | D:11     | Noticed Harold
 12381 | D:11     | Killed Harold
 12645 | D:12     | Noticed a deep elf pyromancer
 12652 | D:12     | Killed a deep elf pyromancer
 12663 | D:12     | Found Jomuss's Magic Scroll Shoppe.
 12673 | D:12     | Bought a scroll of magic mapping for 112 gold pieces
 12673 | D:12     | Bought a scroll of magic mapping for 112 gold pieces
 12686 | D:12     | Found a gate leading to a gauntlet.
 12706 | Gauntlet | Entered a Gauntlet
 12706 | Gauntlet | Found a transporter.
 12706 | Gauntlet | Found a transporter.
 12706 | Gauntlet | Found a transporter.
 12730 | Gauntlet | Found a transporter.
 12740 | Gauntlet | Found a transporter.
 12742 | Gauntlet | Found a transporter.
 12749 | Gauntlet | Noticed a death drake
 12752 | Gauntlet | Found a transporter.
 12772 | Gauntlet | Found a transporter.
 12786 | Gauntlet | Noticed a wretched star
 12789 | Gauntlet | Found a transporter.
 12790 | Gauntlet | Found a transporter.
 12799 | Gauntlet | Found a transporter.
 12801 | Gauntlet | Found a transporter.
 12900 | Gauntlet | Identified the +0 pair of boots of Quantum Leap {Rampage
                  | rCorr Str+4}
 12967 | Gauntlet | Succumbed to a death drake's dark miasma

Illustrated notes

Levels and vault maps discovered:
D:1:      minmay_arrival_five_plusses, layout_basic, minmay_indecisive_spiral
D:2:      layout_basic, hellmonk_ecumenical_altar_blasted, serial_forest,
          infiniplex_forest_zigzag_1, infiniplex_forest_lined_2,
          infiniplex_forest_lined_3, infiniplex_forest_clump_tiny,
          infiniplex_forest_lined_room_, kennysheep_generic_room_2,
          uniq_crazy_yiuf_cottage, uniq_terence
D:3:      layout_basic
D:4:      layout_basic, kennysheep_orc_chapel, uniq_menkaure, uniq_natasha
D:5:      layout_gridville, elyvilon_altar_3
D:6:      layout_loops_cross, okawaru_metal_pillars_1_2,
          minmay_temple_entry_offerings, serial_shops, nicolae_stop_n_shop_2,
          nicolae_concentric_dashed_squares_mild, dreamdust_princess_corridor,
          st_stairs_1, uniq_edmund
D:7:      layout_basic, hellmonk_ghost_happy_afterlife,
          dreamdust_princess_bridge
D:8:      cheibrodos_wizards_tower, layout_layer_cave, grunt_dithmenos_shadows,
          nicolae_overflow_hallway_of_the_gods, david_lair_shrubbed,
          serial_shops, nicolae_stop_n_shop_2, uniq_maurice
D:9:      layout_irregular_city, mainiacjoe_overflow_small_starburst,
          serial_bayou_pond_b, serial_park_tiny_pond,
          nicolae_straight_to_the_point
D:10:     layout_stronghold, st_stairs_13, minivault_25_ag,
          hangedman_incinerator
D:11:     layout_basic, uniq_harold, uniq_erolcha
D:12:     lemuel_reptile_caves, layout_rooms, gauntlet_entry_generic,
          gammafunk_ghost_arena, serial_shops, nicolae_shop_crystal
Temple:   minmay_temple_curvy_loop
Gauntlet: minmay_gauntlet_mixed_big_or_small [nicolae_gauntlet_arena_x,
          minmay_gauntlet_arena_77_block_sizes, gammafunk_gauntlet_arena_teeth,
          minmay_gauntlet_arena_77_tiled_triplets,
          gammafunk_gauntlet_arena_crates, minmay_gauntlet_arena_77_fan,
          nicolae_gauntlet_exit_dead_adventurers]

Skill      XL: |  1  2  3  4  5  6  7  8  9 10 11 |
---------------+----------------------------------+-----
Fighting       | 4 5 6 7 10 11 13 | 13.5
Armour         | 4 5 6 |  6.3
Shields        | 4 5 6 |  6.0
Axes           | 3 5 6 9 11 13 14 15 | 15.6
Dodging        | 1 |  1.0
Evocations     | 1 3 4 5 |  5.0
Invocations    | 2 4 |  4.4

Action                     |  1- 3 |  4- 6 |  7- 9 | 10-12 || total
---------------------------+-------+-------+-------+-------++-------
  Melee: War axe           |    73 |    97 |   241 |   249 ||   660
         Headbutt          |     9 |    16 |    50 |    53 ||   128
    Use: Scroll            |       |       |    20 |     7 ||    27
         Potion            |       |       |     2 |     1 ||     3
 Armour: Scale mail        |    33 |    18 |       |       ||    51
         Chain mail        |       |    22 |   138 |    81 ||   241
  Dodge: Dodged            |    29 |    34 |    82 |    73 ||   218
  Block: Buckler           |    14 |    30 |    58 |    31 ||   133
         Kite shield       |       |       |       |    94 ||    94
         Reflection        |       |       |       |    14 ||    14

Table legend: (Time is in decaauts)
 A = Elapsed time spent in this place.
 B = Non-inter-level travel time spent in this place.
 C = Inter-level travel time spent in this place.
 D = Time resting spent in this place.
 E = Time spent auto-exploring this place.
 F = Levels seen in this place.
 G = Mean time per level.
                   A        B        C        D        E       F      G
               +--------+--------+--------+--------+--------+-----+--------+
         Total |  13015 |  12570 |    445 |    423 |  10263 |  14 |  929.6 |
       Dungeon |  12530 |  12105 |    425 |    423 |   9943 |  12 | 1044.2 |
        Temple |    227 |    207 |     20 |      0 |    196 |   1 |  227.0 |
      Gauntlet |    257 |    257 |      0 |      0 |    124 |   1 |  257.0 |
               +--------+--------+--------+--------+--------+-----+--------+

Top non-repeatable levels by time:
    D:10: 1716 daAuts
     D:8: 1421 daAuts
    D:11: 1205 daAuts
     D:2: 1188 daAuts
     D:3: 1162 daAuts
     D:7: 1073 daAuts
     D:6: 1042 daAuts
     D:9: 1036 daAuts
     D:4: 971 daAuts
     D:5: 852 daAuts
     D:1: 768 daAuts
Gauntlet: 257 daAuts
  Temple: 227 daAuts
    D:12: 93 daAuts
